 Dungeon Crawl Stone Soup version 0.32-a0-290-g598725c5f2 (webtiles) character file.

Game seed: 11540937082692829747

116 CougarLife the Digger (level 5, -1/28 HPs)
             Began as a Gargoyle Earth Elementalist on Feb 14, 2024.
             Killed by divine providence
             ... invoked by an orc priest
              (15 damage)
             ... on level 3 of the Dungeon.
             The game lasted 00:02:31 (2050 turns).

CougarLife the Digger (Gargoyle Earth Elementalist) Turns: 2050, Time: 00:02:31

Health: -1/28      AC:  7    Str: 11    XL:     5   Next: 1%
Magic:  3/9        EV: 11    Int: 18    God:
Gold:   81         SH:  0    Dex: 10    Spells: 6/10 levels left

rFire   . . .        (no weapon)
rCold   + . .        (no shield)
rNeg    + . .        a - +0 robe
rPois   ∞            h - +0 helmet
rElec   +            (no cloak)
rCorr   .            (no gloves)
SInv    .            (no boots)
Will    .....        (no amulet)
Stlth   ++           c - ring of protection from cold
HPRegen 0.24/turn    (no ring)
MPRegen 0.11/turn

%: no passive effects
@: no status effects
A: sickness immunity, AC +4, negative energy resistance 1, electricity
resistance, torment resistance 1, petrification resistance
a: Convert to Beogh


You were on level 3 of the Dungeon.
You visited 1 branch of the dungeon, and saw 3 of its levels.

You collected 81 gold pieces.

Inventory:

Armour
 a - a +0 robe (worn)
 h - a +0 helmet (worn)
Jewellery
 c - a ring of protection from cold (left hand)
Scrolls
 d - a scroll of brand weapon {unknown}
 e - a scroll of teleportation {unknown}
 f - a scroll of noise {unknown}
Potions
 b - 2 potions of magic
 g - a potion of might {unknown}


   Skills:
 - Level 1.5 Dodging
 - Level 2.1 Stealth
 + Level 3.1 Spellcasting
 + Level 3.0 Conjurations
 + Level 4.8 Earth Magic


You had 6 spell levels left.
You knew the following spells:

 Your Spells              Type           Power      Damage    Failure   Level
a - Sandblast             Erth           40%        2d10      2%          1
b - Stone Arrow           Conj/Erth      32%        3d9       10%         3

Your spell library contained the following spells:

 Spells                   Type           Power      Damage    Failure   Level
 Passwall                 Erth           20%        N/A       7%          3
 Sting                    Conj/Alch      32%        1d5       9%          1
 Apportation              Tloc           4%         N/A       16%         1
 Necrotise                Necr           8%         1d4       16%         1
 Slow                     Hex            8%         N/A       16%         1
 Summon Small Mammal      Summ           8%         N/A       16%         1
 Brom's Barrelling Bould  Conj/Erth      16%        2d4       32%         4
 Confusing Touch          Hex            2%         N/A       43%         3
 Sigil of Binding         Hex            2%         N/A       43%         3
 Vampiric Draining        Necr           2%         2d6       43%         3
 Petrify                  Alch/Erth      11%        N/A       52%         4
 Animate Dead             Necr           2%         N/A       85%         4
 Borgnjor's Vile Clutch   Necr/Erth      5%         N/A       86%         5
 Death Channel            Necr           1%         N/A       100%        6


Dungeon Overview and Level Annotations

Branches:
Dungeon (3/15)

Altars:

Shops:
D:2 !


Innate Abilities, Weirdness & Mutations

You are immune to sickness and miasma.
Your stone body is resilient. (AC +4)
You are immune to poison.
You resist negative energy. (rN+)
You are resistant to electric shocks. (rElec)
You are resistant to unholy torment.
You are immune to petrification.


Message History

The orc shouts!
You hear an angry hiss.
An orc priest comes into view. It is wielding a +0 falchion.
An orc comes into view. It is wielding a +0 hand axe.
The orc priest shouts!
The orc priest calls upon Beogh to heal the orc.
The orc is healed somewhat.
The orc attacks as it pursues you! The orc hits you but does no damage.
You hear a shout!
The orc attacks as it pursues you! The orc barely misses you.
Things that are here:
a +0 club; 2 stones; a kobold corpse The blast of sand misses the orc.
The orc hits you with a +0 whip.
The blast of sand hits the orc!
You kill the orc!
The blast of sand hits the orc.
The orc is severely wounded.
The blast of sand hits the orc!
You kill the orc!
The orc priest mumbles some strange prayers to Beogh against you.
Beogh smites you!
Ouch! That really hurt!
You hear a shout!
The orc priest shouts, "Surrender to Beogh and we'll let you live!" (press Y on the ability menu to convert to Beogh)
Your Conjurations skill increases to level 3!
You have reached level 5!
You are too injured to fight recklessly!
Unknown command.
Casting: Sandblast (safe; 2% risk of failure)
Confirm with . or Enter, or press ? or * to list all spells.
Aiming: Sandblast (safe; 2% risk of failure)
Press: ? - help, Shift-Dir - straight line, f - orc priest
Aim: an orc priest, wielding a +0 club and wearing a +0 chain mail (87% to hit)
The blast of sand hits the orc priest.
The orc priest is moderately wounded.
The orc priest hits you but does no damage.
The orc priest mumbles some strange prayers to Beogh against you.
Beogh smites you!
Ouch! That really hurt!
You die...

#. ##. #. #..####
#.# #.#...##.
..##..#### #........
.......###........
...##..#....o.o.....
#...)..o.##..<.....
######o#..#.......o
..ß #@##.......##.
..# #)# ##..#### ..#
###.####...# ..##
#.....##.#.# ..ß#
#.....##.#.. ..#####
#..=..# ........
#.....# )..## .
##.....# ....# #>
##[.....#


You could see 2 orc priests.

Vanquished Creatures
  Natasha (D:3)
  2 adders
  4 orcs (D:3)
  5 bats
  5 endoplasms
  5 giant cockroaches
  4 goblins
  5 hobgoblins
  A ball python (D:3)
  4 kobolds
  2 rats (D:1)
38 creatures vanquished.

Notes
Turn   | Place    | Note
-------+----------+-------------------------------------------
     0 | D:1      | CougarLife the Gargoyle Earth Elementalist began the quest
                  | for the Orb.
     0 | D:1      | Reached XP level 1. HP: 10/10 MP: 3/3
   157 | D:1      | Reached XP level 2. HP: 15/15 MP: 3/5
   417 | D:1      | Reached skill level 4 in Earth Magic
   622 | D:1      | Reached XP level 3. HP: 10/19 MP: 1/6
  1379 | D:2      | Noticed a glass eye
  1381 | D:2      | Found a faded altar of an unknown god.
  1383 | D:2      | Noticed a great orb of eyes
  1383 | D:2      | Noticed a great orb of eyes
  1383 | D:2      | Noticed a shining eye
  1458 | D:2      | Found a transporter.
  1458 | D:2      | Found Apsufre's Distillery.
  1490 | D:2      | Found a transporter.
  1564 | D:2      | Reached XP level 4. HP: 24/24 MP: 6/8
  1703 | D:2      | Learned a level 3 spell: Stone Arrow
  1856 | D:3      | Noticed Natasha
  1863 | D:3      | Killed Natasha
  2050 | D:3      | Reached XP level 5. HP: 14/28 MP: 4/9
  2050 | D:3      | Killed from afar by an orc priest

Illustrated notes

Levels and vault maps discovered:
D:1:      tekkud_arrival_beachfront_property, layout_loops_ring
D:2:      layout_basic, hellmonk_ecumenical_altar_watching_god, serial_shops,
          nicolae_shop_drivethru
D:3:      cheibrodos_greedy_goblins, layout_rooms,
          yredelemnul_forgotten_temple_becter, serial_corexii_hall,
          chequers_hall_statues_wall_a, corexii_hall_statues_x, minmay_between,
          uniq_crazy_yiuf_cottage, uniq_natasha

Skill      XL: |  1  2  3  4 |
---------------+-------------+-----
Earth Magic    | 4 |  4.8
Conjurations   | 2 3 |  3.0
Spellcasting   | 3 |  3.1
Dodging        | |  1.5
Stealth        | |  2.1

Action                     |  1- 3 |  4- 6 || total
---------------------------+-------+-------++-------
  Melee: Unarmed           |     7 |       ||     7
   Cast: Sandblast         |    40 |    25 ||    65
 Armour: Robe              |    13 |    10 ||    23
  Dodge: Dodged            |    13 |     7 ||    20

Table legend: (Time is in decaauts)
 A = Elapsed time spent in this place.
 B = Non-inter-level travel time spent in this place.
 C = Inter-level travel time spent in this place.
 D = Time resting spent in this place.
 E = Time spent auto-exploring this place.
 F = Levels seen in this place.
 G = Mean time per level.
                   A        B        C        D        E       F      G
               +--------+--------+--------+--------+--------+-----+--------+
         Total |   2081 |   2022 |     59 |     98 |   1672 |   3 |  693.7 |
       Dungeon |   2081 |   2022 |     59 |     98 |   1672 |   3 |  693.7 |
               +--------+--------+--------+--------+--------+-----+--------+

Top non-repeatable levels by time:
     D:1: 933 daAuts
     D:2: 789 daAuts
     D:3: 357 daAuts
